 Dungeon Crawl Stone Soup version 0.31-a0-1327-g8c40ea976f (webtiles) character file.

Game seed: 17657273006324396740

68064 Bnni the Blocker (level 15, -5/119 HPs)
             Began as a Formicid Earth Elementalist on Dec 21, 2023.
             Was a High Priest of Cheibriados.
             Slain by a very large slime creature (28 damage)
             ... on level 14 of the Dungeon.
             The game lasted 01:03:32 (23850 turns).

Bnni the Blocker (Formicid Earth Elementalist)     Turns: 23850, Time: 01:03:33

Health: -5/119     AC: 30    Str: 25    XL:     15   Next: 68%
Magic:  16/33      EV:  8    Int: 32    God:    Cheibriados [*****.]
Gold:   487        SH: 15    Dex: 25    Spells: 2/26 levels left

rFire   . . .        U - +2 demon whip (venom)
rCold   . . .        W - +0 kite shield
rNeg    . . .        w - +2 plate armour {rPois}
rPois   +            (helmet unavailable)
rElec   .            h - +0 cloak
rCorr   .            f - +2 pair of gloves
SInv    +            J - +2 pair of boots
Will    +....        E - amulet of the acrobat Stlth
                     K - +4 ring of protection
HPRegen 0.39/turn    t - ring of magical power
MPRegen 0.23/turn

%: acrobat
@: very slow
A: permanent stasis, dig shafts and tunnels, antennae 3, four strong arms
a: Dig, Shaft Self, Renounce Religion, Bend Time, Temporal Distortion, Slouch,
Step From Time


You were on level 14 of the Dungeon.
You worshipped Cheibriados.
Cheibriados was extremely pleased with you.
You visited 3 branches of the dungeon, and saw 21 of its levels.

You collected 2023 gold pieces.
You spent 1536 gold pieces at shops.

Inventory:

Hand Weapons
 p - a +3 short sword of electrocution
 I - the +1 trident of the Avant Garde God {heavy, rF+ Stlth+}
   (You found it on level 5 of the Lair of Beasts)

   rF+:       It protects you from fire.
   Stlth+:    It makes you more stealthy.
 U - a +2 demon whip of venom (weapon)
Missiles
 i - 9 curare-tipped darts
 q - 5 darts of dispersal
 A - a throwing net
Armour
 e - a +0 tower shield
 f - a +2 pair of gloves (worn)
 h - a +0 cloak (worn)
 w - a +2 plate armour of poison resistance (worn)
 J - a +2 pair of boots (worn)
 W - a +0 kite shield (worn)
Magical Staves
 X - a staff of conjuration
Jewellery
 t - a ring of magical power (right hand)
 v - a ring of fire
 E - an amulet of the acrobat (around neck)
 K - a +4 ring of protection (left hand)
 M - a ring of fire
 O - a ring of poison resistance
Wands
 j - a wand of digging (7)
 s - a wand of charming (18)
 y - a wand of flame (38)
 C - a wand of mindburst (2)
 R - a wand of polymorph (4)
Scrolls
 a - 3 scrolls of revelation
 l - a scroll of brand weapon
 r - 4 scrolls of immolation
 u - 5 scrolls of enchant weapon
 x - 2 scrolls of fear
 B - 5 scrolls of vulnerability
 D - 3 scrolls of amnesia
 F - a scroll of butterflies
 G - 3 scrolls of enchant armour
 N - a scroll of silence
 P - a scroll of poison
 Q - 2 scrolls of fog
 S - 3 scrolls of identify
Potions
 b - 5 potions of magic
 c - 8 potions of curing
 g - 4 potions of enlightenment
 k - 4 potions of attraction
 m - 8 potions of brilliance
 o - 6 potions of heal wounds
 z - 6 potions of haste
 H - 3 potions of ambrosia
 L - a potion of mutation
 T - a potion of cancellation
 V - a potion of invisibility


   Skills:
 + Level 11.2 Fighting
 + Level 13.5 Armour
 - Level 1.7 Dodging
 - Level 2.4 Stealth
 * Level 14.9 Shields
 + Level 6.3 Spellcasting
 * Level 6.2 Conjurations
 + Level 2.5 Summonings
 * Level 13.8 Earth Magic
 - Level 2.0 Alchemy
 - Level 13.0 Invocations


You had 2 spell levels left.
You knew the following spells:

 Your Spells              Type           Power      Damage    Failure   Level
a - Sandblast             Erth           100%       2d20      1%          1
b - Passwall              Alch/Erth      47%        N/A       3%          2
c - Stone Arrow           Conj/Erth      100%       3d13      2%          3
d - Brom's Barrelling Bo  Conj/Erth      65%        2d8       9%          4
e - Petrify               Alch/Erth      57%        N/A       21%         4
f - Bombard               Conj/Erth      32%        9d6       78%         6
g - Animate Armour        Summ/Erth      100%       N/A       19%         4

Your spell library contained the following spells:

 Spells                   Type           Power      Damage    Failure   Level
 Magic Dart               Conj           100%       1d8       4%          1
 Searing Ray              Conj           100%       2d8       6%          2
 Foxfire                  Conj/Fire      100%       2x1d9     14%         1
 Shock                    Conj/Air       100%       1d9       14%         1
 Call Imp                 Summ           52%        N/A       28%         2
 Slow                     Hex            40%        N/A       45%         1
 Ensorcelled Hibernation  Hex/Ice        20%        N/A       61%         2
 Lesser Beckoning         Tloc           20%        N/A       61%         2
 Scorch                   Fire           20%        2d5       61%         2
 Call Canine Familiar     Summ           26%        N/A       50%         3
 Fulminant Prism          Conj/Alch      18%        3d10      67%         4
 Iskenderun's Battlesphe  Conj           50%        2d10      75%         5
 Flame Wave               Conj/Fire      30%        2d9       82%         4
 Confusing Touch          Hex            10%        N/A       83%         3
 Fugue of the Fallen      Necr           10%        N/A       83%         3
 Gell's Gravitas          Tloc           10%        N/A       83%         3
 Ozocubu's Armour         Ice            10%        N/A       83%         3
 Sigil of Binding         Hex            10%        N/A       83%         3
 Teleport Other           Tloc           10%        N/A       83%         3
 Vampiric Draining        Necr           10%        2d6       83%         3
 Airstrike                Air            5%         2d(1-17)  99%         4
 Anguish                  Hex/Necr       5%         N/A       99%         4
 Dimensional Bullseye     Hex/Tloc       5%         N/A       99%         4
 Manifold Assault         Tloc           10%        N/A       99%         4
 Metabolic Englaciation   Hex/Ice        5%         N/A       100%        5
 Summon Forest            Summ/Tloc      9%         N/A       100%        5
 Summon Mana Viper        Hex/Summ       18%        N/A       100%        5
 Plasma Beam              Fire/Air       5%         2x1d15    100%        6
 Simulacrum               Ice/Necr       5%         N/A       100%        6
 Starburst                Conj/Fire      15%        6d6       100%        6
 Summon Cactus Giant      Summ           13%        N/A       100%        6
 Ozocubu's Refrigeration  Ice            5%         4d8       100%        7
 Spellforged Servitor     Conj/Summ      19%        N/A       100%        7
 Lehudib's Crystal Spear  Conj/Erth      32%        10d8      100%        8
 Polar Vortex             Ice            5%         N/A       100%        9
 Blink                    Tloc           Unusable   N/A       N/A         2
 Swiftness                Air            Unusable   N/A       N/A         3

Dungeon Overview and Level Annotations

Branches:
Dungeon (14/15)            Temple (0/1) D:6            Lair (5/5) D:10
 Shoals (0/4) Lair:2       Spider (0/4) Lair:3        Slime (0/5) Lair:5
    Orc (2/2) D:11            Elf (0/3) Orc:2        Vaults (0/5) D:13

Altars:
Cheibriados
Gozag
Hepliaklqana
Okawaru
Qazlal
Ru
Vehumet
Wu Jian
Xom
Yredelemnul
Zin
The Shining One
Jiyva

Shops:
D:8 *?!   Orc:2 ([*:

Annotations:
D:9 3 runed translucent doors, TheWayOfAllFlesh's ghost, novice DjFE
D:12 exclusion: obsidian statue
Lair:1 3 runed translucent doors, Goejex's ghost, novice DEFE


Innate Abilities, Weirdness & Mutations

You cannot be hasted, slowed, berserked, paralysed or teleported.
You can dig through walls and to a lower floor.
You have a pair of large antennae on your head. (SInv)
Your four strong arms can wield two-handed weapons with a shield.


Message History

The very large slime creature hits you!!!
* * * LOW HITPOINT WARNING * * *
The slime creature barely misses you.
Unknown command.
The flow of time bends around you.
Cheibriados rebukes the very large slime creature.
The very large slime creature seems to slow down.
Cheibriados rebukes the slime creature.
The slime creature seems to slow down.
Cheibriados rebukes the slime creature.
The slime creature seems to slow down.
Cheibriados lowers the support of your attributes as your movement quickens.
The very large slime creature hits you but does no damage.
Aiming: Sandblast (safe; 1% risk of failure)
Press: ? - help, Q - select action, (/) - cycle Shift-Dir - straight line, f - very large slime creature, p - slime creature
Aim: a very large slime creature (moderately wounded, slow, 97% to hit)
The blast of sand hits the very large slime creature!!
The very large slime creature is heavily wounded.
The slime creature hits you but does no damage.
The slime creature barely misses you.
The very large slime creature barely misses you.
Unknown command.
Aiming: Sandblast (safe; 1% risk of failure)
Press: ? - help, Q - select action, (/) - cycle Shift-Dir - straight line, f/p - very large slime creature
Aim: a very large slime creature (heavily wounded, slow, 97% to hit)
The blast of sand hits the very large slime creature!!
The very large slime creature is heavily wounded.
The slime creature barely misses you. You block the slime creature's attack.
The very large slime creature hits you but does no damage.
Unknown command.
Aiming: Sandblast (safe; 1% risk of failure)
Press: ? - help, Q - select action, (/) - cycle Shift-Dir - straight line, f/p - very large slime creature
Aim: a very large slime creature (heavily wounded, slow, 97% to hit)
The blast of sand misses the very large slime creature.
The slime creature is no longer moving slowly.
The slime creature hits you!
* * * LOW HITPOINT WARNING * * *
You block the slime creature's attack.
The very large slime creature hits you!!
You die...

#####....# ##.######
####.# .. # #.# #
#########.## #
#..........# ##. #
###..........# .)..
###............# ##)....
'...#..........##J))..).
#####..........J@J#,J #
#..........#### #
#....).....# #
##.#####..###
####..###....########
##.~~~.~~~....~~.~..~
##~≈≈≈≈≈~≈≈≈≈≈~≈≈≈≈≈~
##.≈♣♣♣≈~≈♣♣♣≈~≈♣♣♣≈~
.#~≈♣ ♣≈~≈♣ ♣≈~≈♣


You could see a very large slime creature (slow) and 2 slime creatures.

Vanquished Creatures
  Gastronok (D:8)
  An orc warlord (Orc:2)
  5 hydras
  A great orb of eyes (D:12)
  4 vault guards (D:13)
  3 boulder beetles
  3 centaur warriors
  An anaconda (Lair:4)
  A merfolk avatar (Lair:5)
  3 two-headed ogres
  3 orc high priests (Orc:2)
  Nergalle (D:12)
  Sonja (Lair:1)
  A sea snake (Lair:5)
  2 skysharks (Lair:5)
  3 orc knights (Orc:2)
  3 ugly things (D:14)
  3 deep elf pyromancers
  A harpy (Lair:5)
  3 orc sorcerers (Orc:2)
  3 manticores
  4 cyclopes
  9 elephants
  4 black mambas
  A kobold blastminer (D:12)
  A torpor snail (Lair:2)
  2 gargoyles (D:11)
  5 komodo dragons
  A kobold demonologist (D:12)
  8 cane toads
  3 trolls
  6 polar bears
  A wind drake (Lair:5)
  2 hornets
  6 dream sheep
  17 blink frogs
  A centaur simulacrum (D:14)
  6 slime creatures
  36 yaks
  2 water elementals
  3 wraiths
  9 wyverns
  5 humans (D:13)
  2 steam dragons
  4 basilisks
  2 wargs
  An acid dragon (D:12)
  14 water moccasins
  A swamp drake (D:11)
  7 black bears
  2 ice beasts (D:6)
  23 orc warriors
  4 ogres
  8 wolves
  4 boggarts (D:14)
  8 centaurs
  10 kobold brigands
  4 phantoms
  11 bullfrogs
  2 gnoll sergeants
  8 scorpions
  A wyvern zombie (D:7)
  3 wights (D:8)
  6 killer bees (D:8)
  10 electric eels
  6 howler monkeys
  A vampire bat (Lair:1)
  A centaur zombie (D:7)
  A crimson imp (D:12)
  A quasit (D:12)
  3 hounds
  30 orc priests
  2 gnoll boudas
  4 jellies
  5 sleepcaps
  4 iguanas
  20 orc wizards
  Ijyb (D:4)
  25 gnolls
  11 adders
  2 shadow imps
  3 white imps
  5 ufetubi
  4 worms
  70 orcs
  8 ball pythons
  10 endoplasms
  4 giant cockroaches
  4 goblins
  3 hobgoblins
  7 jackals
  27 kobolds
  2 quokkas
  12 bats
  2 frilled lizards (D:3)
  3 rats
595 creatures vanquished.

Vanquished Creatures (collateral kills)
  Jorgrun (D:13)
  A hydra (D:13)
  A catoblepas (D:14)
  A cyclops (D:13)
  An efreet (D:13)
  2 boulders (D:13)
7 creatures vanquished.

Vanquished Creatures (others)
  2 vault guards (D:13)
  An orc sorcerer (Orc:2)
  A human (D:13)
  A boulder (D:13)
5 creatures vanquished.

Grand Total: 607 creatures vanquished

Notes
Turn   | Place    | Note
-------+----------+-------------------------------------------
     0 | D:1      | Bnni the Formicid Earth Elementalist began the quest for
                  | the Orb.
     0 | D:1      | Reached XP level 1. HP: 13/13 MP: 3/3
   878 | D:2      | Reached XP level 2. HP: 19/19 MP: 3/5
   961 | D:2      | Learned a level 2 spell: Passwall
  1039 | D:2      | Reached skill level 1 in Fighting
  1039 | D:2      | Reached XP level 3. HP: 26/26 MP: 3/6
  1214 | D:2      | Reached skill level 1 in Conjurations
  1214 | D:2      | Reached XP level 4. HP: 30/32 MP: 2/7
  1448 | D:2      | Found a faded altar of an unknown god.
  1604 | D:3      | Learned a level 3 spell: Stone Arrow
  1711 | D:3      | Found an ornate altar of the Wu Jian Council.
  1908 | D:3      | Found a snail-covered altar of Cheibriados.
  1927 | D:3      | Became a worshipper of Cheibriados the Contemplative
  2038 | D:3      | Reached XP level 5. HP: 33/38 MP: 4/9
  2593 | D:4      | Reached * piety under Cheibriados
  2594 | D:4      | Reached skill level 5 in Earth Magic
  2800 | D:4      | Found a sacrificial altar of Ru.
  2879 | D:4      | Reached XP level 6. HP: 4/44 MP: 4/10
  3080 | D:4      | Reached skill level 1 in Invocations
  3250 | D:4      | Reached XP level 7. HP: 36/51 MP: 1/11
  3330 | D:4      | Noticed Ijyb
  3338 | D:4      | Killed Ijyb
  3620 | D:4      | Reached ** piety under Cheibriados
  3623 | D:4      | Reached skill level 1 in Armour
  3702 | D:4      | Found a shimmering altar of Xom.
  3902 | D:5      | Entered Level 5 of the Dungeon
  4024 | D:5      | Learned a level 4 spell: Brom's Barrelling Boulder
  4269 | D:5      | Reached XP level 8. HP: 58/58 MP: 8/13
  4478 | D:5      | HP: 2/58 [centaur/arrow (6)]
  5071 | D:5      | Reached *** piety under Cheibriados
  5351 | D:6      | Reached XP level 9. HP: 64/65 MP: 3/15
  5533 | D:6      | Found a glowing silver altar of Zin.
  5602 | D:6      | Found a staircase to the Ecumenical Temple.
  5667 | D:6      | Reached skill level 5 in Invocations
  6086 | D:6      | Reached skill level 5 in Conjurations
  6501 | D:7      | Reached **** piety under Cheibriados
  6605 | D:7      | Found a glowing golden altar of the Shining One.
  6840 | D:7      | Found a radiant altar of Vehumet.
  7160 | D:7      | Found a hazy altar of Hepliaklqana.
  7484 | D:7      | Reached skill level 5 in Fighting
  7523 | D:7      | Found a basalt altar of Yredelemnul.
  7842 | D:8      | Noticed Gastronok
  7969 | D:8      | Killed Gastronok
  7970 | D:8      | Reached skill level 5 in Spellcasting
  7970 | D:8      | Reached XP level 10. HP: 76/76 MP: 8/17
  8089 | D:8      | Reached skill level 10 in Earth Magic
  8204 | D:8      | Reached skill level 5 in Armour
  8650 | D:8      | Reached XP level 11. HP: 40/82 MP: 18/18
  8653 | D:8      | Reached ***** piety under Cheibriados
  8851 | D:8      | Learned a level 4 spell: Petrify
  8865 | D:8      | Found a stormy altar of Qazlal.
  8891 | D:8      | Found Tuuclic's General Store.
  8892 | D:8      | Found Huckofewn's Magic Scroll Boutique.
  8894 | D:8      | Found Juilen's Distillery.
  8900 | D:8      | Bought a scroll of noise for 12 gold pieces
  8901 | D:8      | Bought a scroll of identify for 24 gold pieces
  8901 | D:8      | Bought a scroll of identify for 24 gold pieces
  8901 | D:8      | Bought a scroll of identify for 24 gold pieces
  9062 | D:8      | Found an opulent altar of Gozag.
  9340 | D:8      | Bought a scroll of identify for 26 gold pieces
  9501 | D:9      | Noticed TheWayOfAllFlesh's ghost (novice DjFE)
  9664 | D:9      | Found a runed translucent gate.
  9664 | D:9      | Found a runed translucent gate.
  9664 | D:9      | Found a runed translucent gate.
  9726 | D:9      | Reached skill level 1 in Shields
  9836 | D:9      | Identified the +10 dagger of Causality {vamp, Dex+3}
 10296 | D:10     | Entered Level 10 of the Dungeon
 10386 | D:10     | Reached skill level 2 in Shields
 10455 | D:10     | Found an iron altar of Okawaru.
 10720 | D:10     | Found a staircase to the Lair.
 11430 | D:11     | Reached skill level 3 in Shields
 11643 | D:11     | Reached skill level 10 in Invocations
 11717 | D:11     | Noticed a cyclops
 11724 | D:11     | Killed a cyclops
 11919 | D:11     | Reached skill level 4 in Shields
 12432 | D:11     | Found a staircase to the Orcish Mines.
 12682 | D:12     | Reached XP level 12. HP: 91/91 MP: 19/19
 12717 | D:12     | Noticed a great orb of eyes
 12719 | D:12     | Noticed a boulder beetle
 12726 | D:12     | Killed a great orb of eyes
 12727 | D:12     | Reached skill level 5 in Shields
 12735 | D:12     | Killed a boulder beetle
 12794 | D:12     | Identified the +0 robe "Tahem" {*Corrode MP+9 SInv
                  | Archmagi}
 13024 | D:12     | Reached skill level 6 in Shields
 13351 | D:12     | Noticed Nergalle
 13364 | D:12     | Killed Nergalle
 13391 | D:12     | Reached skill level 7 in Shields
 13663 | D:13     | Noticed a boulder beetle
 13672 | D:13     | Noticed a four-headed hydra
 13676 | D:13     | Killed a four-headed hydra
 13732 | D:13     | Killed a boulder beetle
 13833 | D:13     | Noticed Jorgrun
 14075 | Lair:1   | Entered Level 1 of the Lair of Beasts
 14075 | Lair:1   | Noticed Sonja
 14077 | Lair:1   | Killed Sonja
 14093 | Lair:1   | Found a radiant altar of Vehumet.
 14166 | Lair:1   | Reached skill level 8 in Shields
 14436 | Lair:1   | Found a runed translucent gate.
 14436 | Lair:1   | Found a runed translucent gate.
 14436 | Lair:1   | Found a runed translucent gate.
 14848 | Lair:1   | Reached ****** piety under Cheibriados
 14860 | Lair:1   | Reached XP level 13. HP: 97/99 MP: 21/21
 14901 | Lair:1   | Reached skill level 9 in Shields
 15081 | Lair:1   | Noticed Goejex's ghost (novice DEFE)
 15399 | Lair:2   | Noticed an eight-headed hydra
 15404 | Lair:2   | Killed an eight-headed hydra
 15405 | Lair:2   | Reached skill level 10 in Armour
 15627 | Lair:2   | Noticed a seven-headed hydra
 15634 | Lair:2   | Killed a seven-headed hydra
 15635 | Lair:2   | Reached skill level 10 in Shields
 15919 | Lair:2   | Found a staircase to the Shoals.
 16710 | Lair:3   | Reached skill level 11 in Shields
 17213 | Lair:3   | Found a hole to the Spider Nest.
 17845 | Lair:4   | Noticed an anaconda
 17851 | Lair:4   | Reached XP level 14. HP: 109/109 MP: 16/23
 17909 | Lair:4   | Identified the serpent talisman of Pann {Str+2 Int+3}
 18102 | Lair:5   | Entered Level 5 of the Lair of Beasts
 18205 | Lair:4   | Reached skill level 10 in Fighting
 18210 | Lair:4   | Reached skill level 12 in Shields
 18442 | Lair:5   | Found a viscous altar of Jiyva.
 18442 | Lair:5   | Found a staircase to the Slime Pits.
 18898 | Lair:5   | Reached skill level 13 in Shields
 19243 | Lair:5   | Identified the +1 trident of the Avant Garde God {heavy,
                  | rF+ Stlth+}
 19977 | Orc:1    | Entered Level 1 of the Orcish Mines
 20250 | Orc:2    | Entered Level 2 of the Orcish Mines
 20273 | Orc:2    | Found a staircase to the Elven Halls.
 20630 | Orc:2    | Noticed an orc warlord
 20653 | Orc:2    | Killed an orc warlord
 20676 | Orc:2    | Reached XP level 15. HP: 51/117 MP: 10/24
 20677 | Orc:2    | Reached skill level 14 in Shields
 20951 | Orc:2    | Found Okoit's General Store.
 20952 | Orc:2    | Found Gethryguh's Book Boutique.
 20954 | Orc:2    | Found Muihay's Antique Armour Shop.
 20954 | Orc:2    | Found Mutsoxka's Antique Weapon Shop.
 20961 | Orc:2    | Bought a book of Armaments for 540 gold pieces
 21241 | Orc:2    | Bought a book of Power for 630 gold pieces
 21250 | Orc:2    | Bought a pair of heavily runed gloves for 256 gold pieces
 21250 | Orc:2    | Identified the +1 pair of gloves "Yshynk" {*Corrode rElec
                  | Str+3 Dex+4} (You bought it in a shop on level 2 of the
                  | Orcish Mines)
 21256 | Orc:2    | Learned a level 4 spell: Animate Armour
 21263 | Orc:2    | Learned a level 6 spell: Bombard
 22199 | D:13     | Reached skill level 1 in Summonings
 22206 | D:13     | Killed Jorgrun
 23067 | D:13     | Found a gate to the Vaults.
 23266 | D:14     | Identified the +4 scale mail of Jigsaw {Rampage rElec rC+
                  | Dex+4}
 23387 | D:14     | Identified the +4 whip of Blood {heavy, rPois SInv}
 23850 | D:14     | Slain by a very large slime creature

Illustrated notes

Levels and vault maps discovered:
D:1:      wander_arrival_desolate, layout_basic, nicolae_titane
D:2:      layout_basic, chequers_ecumenical_altar_simple_redux
D:3:      layout_loops_cross, mainiacjoe_overflow_brackets, lemuel_doored_altar,
          minmay_ruptured
D:4:      layout_loops_ring, mainiacjoe_overflow_tiny_flanked,
          overflow_temple_1_default, amethyst_killhole, kennysheep_orc_chapel,
          uniq_ijyb
D:5:      layout_basic, st_stairs_4, nicolae_zig_zag_zippers
D:6:      layout_cave_pods, nicolae_overflow_crystal_walls,
          minmay_temple_entry_arrows
D:7:      layout_basic, tso_metal_star, lemuel_zombie_altar_yredelemnul,
          nicolae_hepliaklqana_hazy_memory, nicolae_vehumet_radiance,
          chequers_serial_rivers_micro_d
D:8:      kennysheep_blocky_hall, layout_cave_pools,
          nicolae_qazlal_general_emergency, lemuel_coloured_pillars_altar,
          serial_park, serial_park_square1 [serial_park_minivault_5x5_5],
          serial_park_tiny_1, serial_park_tiny_2, grunt_ministairs_12,
          serial_bayou_pond_e, minivault_1, minmay_misc_feat_tiny,
          nicolae_shop_distant_corner_stores, uniq_gastronok
D:9:      layout_cave_pods, gammafunk_ghost_icy
D:10:     layout_roguey, mainiacjoe_overflow_24_doors, dpeg_oklobed_lair
D:11:     layout_irregular_city, erik_orc_1
D:12:     kennysheep_kobold_grotto, layout_irregular_city, minmay_radiant,
          uniq_nergalle
D:13:     nicolae_moon_pools, layout_irregular_city, ximxim_vaults_locker_room,
          minmay_fractal_squares_diagonal_5, uniq_jorgrun
D:14:     layout_roguey, kennysheep_boxes
Lair:1:   layout_misc_corridors, basic_altar, gammafunk_ghost_necromancy,
          st_stairs_7, chequers_serial_rivers_room_b, roderic_batcave,
          serial_bayou_pond_c, uniq_sonja
Lair:2:   layout_chaotic_city, shoals_dummy_entry, beast_lair_carwin_5,
          grunt_megastairs_3
Lair:3:   layout_misc_corridors, nicolae_spider_entry_non_spiders,
          grunt_megastairs_2
Lair:4:   layout_roguey, nicolae_quartered_pool_super, hellmonk_talismancer
Lair:5:   gammafunk_lair_ancient_temple, layout_misc_corridors,
          nicolae_slime_entry_slimehenge, serial_bayou_lagoon_b,
          serial_bayou_shore_b
Orc:1:    layout_diamond_mine
Orc:2:    st_orc_congregation, layout_diamond_mine

Skill      XL: |  1  2  3  4  5  6  7  8  9 10 11 12 13 14 15 |
---------------+----------------------------------------------+-----
Alchemy        | 2 |  2.0
Earth Magic    | 4 5 6 7 9 10 12 13 | 13.8
Fighting       | 1 2 3 4 5 6 7 8 9 10 11 | 11.2
Conjurations   | 1 2 3 4 5 6 |  6.2
Spellcasting   | 3 4 5 6 |  6.3
Invocations    | 1 2 4 7 8 10 11 12 13 | 13.0
Armour         | 1 2 4 5 7 9 11 13 | 13.5
Shields        | 4 8 11 13 14 | 14.9
Summonings     | 2 |  2.5
Dodging        | |  1.7
Stealth        | |  2.4

Action                     |  1- 3 |  4- 6 |  7- 9 | 10-12 | 13-15 || total
---------------------------+-------+-------+-------+-------+-------++-------
  Melee: Short sword       |       |    13 |     4 |       |       ||    17
         Dagger            |       |       |     1 |   179 |   152 ||   332
         Punch             |       |       |       |     1 |       ||     1
         Demon whip        |       |       |       |       |   278 ||   278
  Throw: Dart              |       |       |     2 |    12 |    20 ||    34
         Throwing net      |       |       |     1 |     2 |       ||     3
   Cast: Sandblast         |    19 |    93 |   175 |   292 |   401 ||   980
         Stone Arrow       |       |       |       |     2 |       ||     2
         Brom's Barrelling |       |       |       |       |     4 ||     4
         Animate Armour    |       |       |       |       |     2 ||     2
 Invoke: Slouch            |       |       |       |     2 |    13 ||    15
         Bend Time         |       |       |       |     3 |     1 ||     4
         Step From Time    |       |       |       |     1 |     1 ||     2
         Temporal Distorti |       |       |       |       |     1 ||     1
Ability: Dig               |       |       |       |     1 |     1 ||     2
  Evoke: Wand              |       |       |       |     1 |    18 ||    19
    Use: Scroll            |       |     7 |     2 |    13 |     5 ||    27
         Potion            |       |       |     1 |       |     5 ||     6
   Stab: Invisible         |       |       |       |       |    13 ||    13
         Petrified         |       |       |       |       |     1 ||     1
         Distracted        |       |       |       |       |     1 ||     1
 Armour: Robe              |     2 |    62 |    28 |       |       ||    92
         Chain mail        |       |       |    53 |       |       ||    53
         Plate armour      |       |       |    45 |   237 |   471 ||   753
  Dodge: Dodged            |     6 |    62 |    62 |    91 |   185 ||   406
  Block: Tower shield      |       |       |       |   363 |   988 ||  1351
         Kite shield       |       |       |       |       |    43 ||    43

Table legend: (Time is in decaauts)
 A = Elapsed time spent in this place.
 B = Non-inter-level travel time spent in this place.
 C = Inter-level travel time spent in this place.
 D = Time resting spent in this place.
 E = Time spent auto-exploring this place.
 F = Levels seen in this place.
 G = Mean time per level.
                   A        B        C        D        E       F      G
               +--------+--------+--------+--------+--------+-----+--------+
         Total |  34455 |  31534 |   2921 |   2498 |  24150 |  21 | 1640.7 |
       Dungeon |  22847 |  21026 |   1821 |   1763 |  16026 |  14 | 1631.9 |
          Lair |   9261 |   8502 |    759 |    546 |   6590 |   5 | 1852.2 |
  Orcish Mines |   2345 |   2004 |    341 |    189 |   1533 |   2 | 1172.5 |
               +--------+--------+--------+--------+--------+-----+--------+

Top non-repeatable levels by time:
    D:11: 2595 daAuts
  Lair:5: 2416 daAuts
     D:7: 2203 daAuts
  Lair:2: 2092 daAuts
     D:8: 2063 daAuts
    D:13: 2053 daAuts
  Lair:1: 2017 daAuts
    D:12: 1999 daAuts
   Orc:2: 1865 daAuts
     D:5: 1819 daAuts
     D:4: 1650 daAuts
     D:9: 1626 daAuts
     D:6: 1591 daAuts
    D:10: 1516 daAuts
  Lair:3: 1468 daAuts
